 Dungeon Crawl Stone Soup version bcrawl-1.34.3 (webtiles) character file.

Game seed: 12071958249268182594

361946 KristoblXynda the Carver (level 12, -17/106 HPs)
             Began as a Green Draconian Gladiator on Oct 10, 2021.
             Was a Follower of Ashenzari.
             Demolished by a catoblepas (33 damage)
             ... on level 10 of the Dungeon.
             The game lasted 00:24:46 (13814 turns).

KristoblXynda the Carver (DrGl)                    Turns: 13814, Time: 00:24:46

Health: -17/106    AC: 12    Str: 17    XL:     12   Next: 22%
Magic:  16/16      EV: 27    Int: 13    God:    Ashenzari [*.....]
Gold:   482        SH:  5    Dex: 22    Spells: 11/17 levels left

rFire    . . .     SeeInvis +   y - +3 scimitar
rCold    . . .     Gourm    .   (no shield)
rNeg     + . .     Faith    .   (armour unavailable)
rPois    +         Spirit   .   b - +1 hat
rElec    .         Reflect  .   j - +0 cloak {+Inv} (curse)
rCorr    .         Harm     .   w - +1 pair of gloves
MR       .....                  (no boots)
Stlth    +++.......             v - amulet of Vision {SInv *Curse} (curse)
HPRegen  0.27/turn              o - +4 ring of dexterity
MPRegen  0.15/turn              u - ring of positive energy

@: agile, short of breath
A: breathe noxious fumes, unfitting armour, poison resistance, cold-blooded, AC
+8
a: Breathe Noxious Fumes, Curse Item, Scrying, Renounce Religion, Evoke
Invisibility


You were on level 10 of the Dungeon.
You worshipped Ashenzari.
Ashenzari was aware of your devotion.
You were hungry.

You visited 2 branches of the dungeon, and saw 12 of its levels.

You collected 510 gold pieces.
You spent 28 gold pieces at shops.

Inventory:

Hand Weapons
 y - a +3 scimitar (weapon)
Missiles
 c - a throwing net (quivered) {=f}
Armour
 b - a +1 hat (worn)
 j - a cursed +0 cloak of invisibility (worn)
 w - a +1 pair of gloves (worn)
Jewellery
 m - an uncursed ring of resist corrosion
 n - an uncursed amulet of magic regeneration
 o - a +4 ring of dexterity (left hand)
 t - an uncursed ring of flight
 u - a ring of positive energy (right hand)
 v - the cursed amulet of Vision (around neck) {SInv *Curse}
   (You found it in the Ecumenical Temple)

   [amulet of nothing]

   It lets you see invisible.
   It curses itself when equipped.
   It has a curse placed upon it.
Wands
 l - a wand of digging (19)
Scrolls
 d - 2 scrolls of fog
 f - a scroll of teleportation
 g - 4 scrolls of remove curse
 i - a scroll of identify
 r - a scroll of silence
 s - a scroll of fear
 x - a scroll of blinking
Potions
 a - a potion of heal wounds
 h - 5 potions of lignification
 k - a potion of haste
 p - a potion of mutation
 q - 3 potions of agility
Comestibles
 e - 18 rations {!d}


   Skills:
 - Level 10.0 Fighting
 + Level 12.5 Long Blades
 - Level 2.0 Throwing
 + Level 9.8 Dodging
 - Level 3.0 Spellcasting
 + Level 4.9 Hexes
 + Level 6.1 Evocations


You had 11 spell levels left.
You knew the following spells:

 Your Spells              Type           Power        Failure   Level  Hunger
a - Tukima's Dance        Hex            ##......     9%          3    ####...
b - Confuse               Hex            ##......     9%          3    ####...

Your spell library contained the following spells:

 Spells                   Type           Power        Failure   Level  Hunger
 Corona                   Hex            ##.....      3%          1    None
 Slow                     Hex            ##......     3%          1    None
 Ensorcelled Hibernation  Hex/Ice        #.....       13%         2    #......
 Apportation              Tloc           #.....       22%         1    None
 Infusion                 Chrm           #.......     22%         1    None
 Sandblast                Erth           #.....       22%         1    None
 Summon Butterflies       Summ           #.......     22%         1    None
 Dazzling Orbs            Conj/Hex       #......      26%         3    ####...
 Cause Fear               Hex            ##........   30%         4    #####..
 Tree Form                Hex/Tmut       N/A          63%         4    #####..
 Statue Form              Tmut/Erth      #........    100%        6    #######
 Dragon Form              Tmut           #......      100%        7    #######
 Necromutation            Tmut/Necr      #.......     100%        8    #######


Dungeon Overview and Level Annotations

Branches:
Dungeon (11/12)            Temple (1/1) D:5            Lair (0/6) D:7
    Orc: D:8-11      Vaults: D:11-12

Altars:
Ashenzari
Cheibriados
Dithmenos
Elyvilon
Fedhas
Gozag
Hepliaklqana
Kikubaaqudgha
Lugonu
Makhleb
Nemelex Xobeh
Okawaru
Qazlal
Ru
Sif Muna
Trog
Uskayaw
Vehumet
Wu Jian
Xom
Yredelemnul
Zin
The Shining One

Shops:
D:8 ?   D:10 ?


Innate Abilities, Weirdness & Mutations

You can breathe blasts of noxious fumes.
Your lurid green scales are hard. (AC +8)
You cannot fit into any form of body armour.
Your system is resistant to poisons. (rPois)
You are cold-blooded and may be slowed by cold attacks.


Message History

You hit the catoblepas.
The catoblepas is almost dead.
The centaur warrior zombie barely misses you.
No path to travel!
You hit the catoblepas but do no damage.
You tail-slap the catoblepas.
The catoblepas is almost dead.
The catoblepas is engulfed in noxious fumes.
The catoblepas appears confused.
The catoblepas misses you.
You block the centaur warrior zombie's attack.
You hit the catoblepas.
You tail-slap the catoblepas, but do no damage.
The catoblepas is almost dead.
The catoblepas is engulfed in noxious fumes.
The catoblepas appears confused.
The catoblepas closely misses you.
The centaur warrior zombie hits you but does no damage.
You slash the catoblepas!
The catoblepas is almost dead.
The catoblepas gores you!!
You die...

.#.......>.................#.# .
.. .......................#.# #
.#.###.........#........(..#.###
. .......................†.......
..##............####........#(###
................# #........#.## .
##.#<#......°.## #........#..#
.##...........#YZ###........##.#
.........#######@.........####.##
..###...........#######....###...
......#......##.....###.#.......#
....####.###....#..........###..#
...## #..# ####................##
.?.####.## ##..............##
.....#..# ####.#########...##
..##)#.######....# #...#
...#<...........## #...#


You could see a catoblepas (confused) and a centaur warrior zombie.

Vanquished Creatures
  A two-headed ogre (D:7)
  An unseen horror (D:11)
  2 cyclopes (D:11)
  A wolf spider zombie (D:10)
  Pikel (D:9)
  2 ugly things (D:10)
  A manticore (D:11)
  A centaur skeleton (D:7)
  A komodo dragon (D:11)
  Maurice (D:9)
  5 trolls
  A hornet (D:9)
  9 slime creatures
  2 hippogriffs (D:6)
  Prince Ribbit (D:8)
  10 yaks
  A wraith (D:11)
  5 humans
  2 basilisks (D:7)
  2 hogs (D:7)
  3 hungry ghosts
  A vampire mosquito (D:8)
  3 crocodiles (D:7)
  3 porcupines (D:7)
  A soldier ant (D:9)
  3 orc warriors
  5 black bears
  An ice beast (D:9)
  4 slaves (D:9)
  A necrophage (D:7)
  8 ogres
  A sky beast (D:9)
  7 centaurs
  2 bullfrogs (D:6)
  3 big kobolds
  4 scorpions
  11 killer bees
  5 wights (D:9)
  2 howler monkeys
  6 orc priests
  5 crimson imps
  2 bullfrog zombies
  4 jellies
  2 quasits
  3 hounds
  A bullfrog skeleton (D:4)
  2 centaur zombies
  Crazy Yiuf (D:7)
  7 orc wizards
  5 iguanas
  9 worker ants
  2 hound skeletons
  4 worker ant zombies
  3 gnolls (D:9)
  2 howler monkey skeletons
  12 adders
  An adder zombie (D:4)
  3 adder skeletons
  8 worms
  5 dart slugs
  8 leopard geckos
  38 orcs
  4 bats
  5 giant cockroaches
  5 hobgoblins
  11 jackals
  17 kobolds
  4 quokkas
  2 ball pythons (D:1)
  6 frilled lizards
  5 goblins
  A rat (D:1)
311 creatures vanquished.

Vanquished Creatures (collateral kills)
  A kobold (D:10)
1 creature vanquished.

Vanquished Creatures (others)
  A fungus (D:7)
  6 plants (D:7)
7 creatures vanquished.

Grand Total: 319 creatures vanquished

Notes
Turn   | Place    | Note
-------+----------+-------------------------------------------
     0 | D:1      | KristoblXynda the Draconian Gladiator began the quest for
                  | the Orb.
     0 | D:1      | Reached XP level 1. HP: 19/19 MP: 1/1
   136 | D:1      | Reached XP level 2. HP: 17/26 MP: 2/2
   834 | D:2      | Reached XP level 3. HP: 33/33 MP: 3/3
  1669 | D:3      | Noticed a scorpion
  1868 | D:3      | Reached XP level 4. HP: 40/40 MP: 4/4
  1885 | D:3      | Reached skill level 4 in Long Blades
  2053 | D:3      | Reached XP level 5. HP: 19/46 MP: 5/5
  2997 | D:3      | Reached skill level 5 in Long Blades
  3109 | D:3      | Noticed an ogre
  3123 | D:3      | Killed an ogre
  3124 | D:3      | Reached XP level 6. HP: 53/53 MP: 6/6
  4137 | D:4      | Reached skill level 5 in Fighting
  4191 | D:4      | Reached skill level 6 in Long Blades
  4191 | D:4      | Your scales start taking on a lurid green colour.
  4191 | D:4      | Reached XP level 7. HP: 14/61 MP: 7/7
  4191 | D:4      | Gained mutation: Your system is resistant to poisons.
                  | (rPois) [Green Draconian growth]
  4467 | D:4      | Found a white marble altar of Elyvilon.
  4817 | D:5      | Entered Level 5 of the Dungeon
  5206 | D:5      | Found a staircase to the Ecumenical Temple.
  5445 | D:5      | Found a sacrificial altar of Ru.
  5893 | Temple   | Entered the Ecumenical Temple
  5910 | Temple   | Became a worshipper of Ashenzari the Shackled
  5911 | Temple   | Found the cursed amulet of Vision {SInv *Curse}
  6133 | D:6      | Reached skill level 7 in Long Blades
  6144 | D:6      | Noticed a hippogriff
  6168 | D:6      | Killed a hippogriff
  6169 | D:6      | Reached skill level 5 in Dodging
  6169 | D:6      | Reached XP level 8. HP: 7/70 MP: 8/8
  6335 | D:6      | Noticed a troll
  6360 | D:6      | Killed a troll
  6468 | D:6      | Reached skill level 8 in Long Blades
  6791 | D:6      | Reached XP level 9. HP: 69/79 MP: 9/9
  6844 | D:6      | Found a shimmering altar of Xom.
  6844 | D:6      | Found a shadowy altar of Dithmenos.
  6951 | D:6      | Reached skill level 9 in Long Blades
  6985 | D:6      | Noticed a troll
  7017 | D:6      | Killed a troll
  7581 | D:7      | Noticed a two-headed ogre
  7599 | D:7      | Killed a two-headed ogre
  7600 | D:7      | Reached skill level 10 in Long Blades
  7757 | D:7      | Found an ancient bone altar of Kikubaaqudgha.
  7791 | D:7      | Found a white marble altar of Elyvilon.
  7912 | D:7      | Reached XP level 10. HP: 69/90 MP: 10/10
  8121 | D:7      | Found a stormy altar of Qazlal.
  8146 | D:7      | Found a sacrificial altar of Ru.
  8177 | D:7      | Reached skill level 1 in Evocations
  8255 | D:7      | Learned a level 3 spell: Tukima's Dance
  8408 | D:7      | Reached skill level 11 in Long Blades
  8598 | D:7      | Found a staircase to the Lair.
  8981 | D:7      | Found an iron altar of Okawaru.
  9394 | D:7      | Found a runed door.
  9398 | D:7      | Noticed Crazy Yiuf
  9402 | D:7      | Killed Crazy Yiuf
  9510 | D:8      | Found Zitunem's Magic Scroll Shop.
  9514 | D:8      | Bought a scroll of identify for 28 gold pieces
  9847 | D:8      | Reached XP level 11. HP: 99/99 MP: 14/14
  9870 | D:8      | Noticed Prince Ribbit
  9885 | D:8      | Killed Prince Ribbit
  9899 | D:8      | Reached skill level 10 in Fighting
 10441 | D:9      | Reached skill level 1 in Hexes
 10533 | D:9      | Noticed Pikel
 10566 | D:9      | Killed Pikel
 10700 | D:9      | Identified the cursed +1 robe "Cobole Ladyl" {+Inv}
 10722 | D:9      | Reached skill level 5 in Evocations
 11030 | D:9      | Learned a level 3 spell: Confuse
 11031 | D:10     | Entered Level 10 of the Dungeon
 11031 | D:10     | Noticed a white ugly thing
 11057 | D:10     | Killed a white ugly thing
 11176 | D:10     | Reached skill level 1 in Spellcasting
 11458 | D:10     | Noticed a brown ugly thing
 11543 | D:10     | Killed a brown ugly thing
 11928 | D:8      | Reached skill level 12 in Long Blades
 12352 | D:9      | Noticed Maurice
 12377 | D:9      | Killed Maurice
 12457 | D:10     | Noticed a catoblepas
 13009 | D:10     | Found Lujueb's Magic Scroll Shop.
 13131 | D:11     | Noticed an unseen horror
 13144 | D:11     | Killed an unseen horror
 13216 | D:11     | Noticed a four-headed hydra
 13235 | D:11     | Reached XP level 12. HP: 106/106 MP: 16/16
 13711 | D:10     | Reached * piety under Ashenzari
 13814 | D:10     | Demolished by a catoblepas

Skill      XL: |  1  2  3  4  5  6  7  8  9 10 11 12 |
---------------+-------------------------------------+-----
Throwing       | 2 |  2.0
Dodging        | 3 4 5 6 7 8 9 |  9.8
Long Blades    | 4 5 6 7 8 10 11 12 | 12.5
Fighting       | 4 5 6 7 8 9 10 | 10.0
Evocations     | 4 5 6 |  6.1
Hexes          | 4 |  4.9
Spellcasting   | 3 |  3.0

Action                   |  1- 3 |  4- 6 |  7- 9 | 10-12 || total
-------------------------+-------+-------+-------+-------++-------
Melee: Long sword        |   147 |   266 |   251 |       ||   664
       Tailslap          |    19 |    35 |    56 |   111 ||   221
       Scimitar          |       |       |    58 |   721 ||   779
Throw: Throwing net      |       |     3 |     2 |       ||     5
Invok: Curse Item        |       |       |       |     1 ||     1
 Abil: Breathe Noxious F |       |       |    13 |    32 ||    45
Evoke: Wand              |       |       |     4 |    11 ||    15
  Use: Scroll            |     1 |     3 |     9 |    11 ||    24
       Potion            |       |     3 |     1 |     8 ||    12
 Stab: Sleeping          |       |     1 |     2 |       ||     3
       Confused          |       |       |    10 |    17 ||    27
       Petrified         |       |       |       |     2 ||     2
  Eat: Chunk             |     7 |    14 |    17 |    24 ||    62
       Ration            |       |       |     2 |     5 ||     7
Armor: Skin              |    41 |   143 |    88 |   173 ||   445
Dodge: Dodged            |   116 |   231 |   248 |   465 ||  1060
Block: Other             |     1 |     8 |    22 |    67 ||    98
